 Dungeon Crawl Stone Soup version 0.15-a0-1866-g491fd59 (webtiles) character file.

241 Kenran the Slasher (level 5, -3/45 HPs)
             Began as a Draconian Fighter on July 4, 2014.
             Killed from afar by an orc wizard (7 damage)
             ... with a magic dart
             ... on Level 4 of the Dungeon.
             The game lasted 00:06:50 (2649 turns).

Kenran the Slasher (Draconian Fighter)              Turns: 2649, Time: 00:06:50

HP  -3/45        AC  8     Str 19      XL: 5   Next: 80%
MP   5/5         EV 10     Int  8      God:
Gold 199         SH  9     Dex 11      Spells:  0 memorised,  4 levels left

rFire  . . .     SeeInvis .     a - +0 long sword
rCold  . . .     Clarity  .     (armour unavailable)
rNeg   . . .     rCorr    .     c - +0 shield
rPois  .         rRot     .     (helmet restricted)
rElec  .         Spirit   .     i - +0 cloak (curse)
SustAb .         Warding  .     b - +0 pair of gloves
rMut   .         Stasis   .     d - +0 pair of boots
Gourm  .                        g - amulet of rage
MR     .....                    (no ring)
                                (no ring)

@: about to teleport, not resistant to hostile enchantments, very unstealthy
A: unfitting armour, cold-blooded, AC +5
a: Evoke Berserk Rage


You were on level 4 of the Dungeon.
You were not hungry.

You visited 1 branch of the dungeon, and saw 4 of its levels.

You collected 199 gold pieces.

Inventory:

Hand weapons
 a - a +0 long sword (weapon)
Armour
 b - a +0 pair of gloves (worn)
 c - a +0 shield (worn)
 d - a +0 pair of boots (worn)
 i - a cursed +0 cloak (worn)
Magical devices
 q - a wand of paralysis (16) {unknown}
Comestibles
 f - 3 bread rations
 s - a beef jerky
Scrolls
 h - a scroll of teleportation
 m - 2 scrolls of identify
 o - a scroll of enchant armour {unknown}
 p - a scroll of enchant weapon {unknown}
 r - a scroll of noise {unknown}
 t - a scroll of remove curse {unknown}
 u - a scroll of random uselessness {unknown}
Jewellery
 g - an amulet of rage (around neck)
 j - a +2 ring of dexterity {unknown}
Potions
 e - a potion of might
 k - a potion of paralysis {unknown}
 l - a potion of restore abilities
 n - a potion of curing {unknown}


   Skills:
 - Level 3.2 Fighting
 + Level 6.2 Long Blades
 - Level 2.6 Dodging
 - Level 3.0 Shields


You had 4 spell levels left.
You didn't know any spells.

Dungeon Overview and Level Annotations

Branches:
Dungeon (4/15)
 Temple: D:4-7

Altars:
Kikubaaqudgha
Okawaru
Xom


Innate Abilities, Weirdness & Mutations

Your plain brown scales are hard (AC +5).
Your body does not fit into most forms of armour.
Your cold-blooded metabolism reacts poorly to cold.


Message History

The orc priest is moderately wounded.
The orc wizard casts a spell at you. The puff of flame hits you!
* * * LOW HITPOINT WARNING * * *
The orc priest hits you but does no damage.
The orc wizard casts a spell at you. The puff of frost hits you!
* * * LOW HITPOINT WARNING * * *
You hit the orc priest but do no damage.
The orc priest is moderately wounded.
The orc wizard points at you and mumbles some strange words.
You block the puff of frost. The orc priest closely misses you.
The orc wizard hits you with a dagger.
* * * LOW HITPOINT WARNING * * *
Read which item? (? for menu, Esc to quit)
As you read the scroll of teleportation, it crumbles to dust.
You feel strangely unstable. The orc wizard casts a spell at you.
The magic dart hits you!
You die...

.... #.# ##...o. #.#
.......# #.# .......# #.#
#......# #.#
#######......####.#######
.$......o.................
#o#########'######.
#o@............# #.
##########.....# #.
#.....# ## #.....# #
#.....# # #.....# #.....#
#..... ###


You could see an orc priest, an orc wizard and an orc.

Vanquished Creatures
  A crimson imp (D:3)
  An orc priest (D:3)
  A worker ant (D:4)
  An orc wizard (D:3)
  2 adders (D:2)
  4 worms
  A giant gecko (D:1)
  7 orcs
  5 giant cockroaches
  9 goblins
  6 hobgoblins
  11 jackals
  8 kobolds
  2 ball pythons
  8 bats
  7 giant newts
  9 rats
83 creatures vanquished.

Notes
Turn   | Place    | Note
--------------------------------------------------------------
     0 | D:1      | Kenran, the Draconian Fighter, began the quest for the Orb.
     0 | D:1      | Reached XP level 1. HP: 19/19 MP: 1/1
   157 | D:1      | Reached XP level 2. HP: 24/26 MP: 2/2
   388 | D:1      | Reached XP level 3. HP: 31/31 MP: 3/3
   685 | D:2      | Reached skill level 4 in Long Blades
  1003 | D:2      | Found a shimmering altar of Xom.
  1006 | D:2      | Found a shimmering altar of Xom.
  1006 | D:2      | Found a shimmering altar of Xom.
  1007 | D:2      | Found a shimmering altar of Xom.
  1007 | D:2      | Found a shimmering altar of Xom.
  1007 | D:2      | Found a shimmering altar of Xom.
  1021 | D:2      | Reached XP level 4. HP: 33/38 MP: 4/4
  1023 | D:2      | Found a shimmering altar of Xom.
  1024 | D:2      | Found a shimmering altar of Xom.
  1024 | D:2      | Found a shimmering altar of Xom.
  1024 | D:2      | Found a shimmering altar of Xom.
  1670 | D:3      | Found an ancient bone altar of Kikubaaqudgha.
  1678 | D:3      | Found an iron altar of Okawaru.
  1697 | D:3      | Reached skill level 5 in Long Blades
  1740 | D:3      | Reached XP level 5. HP: 45/45 MP: 5/5
  2501 | D:4      | Reached skill level 6 in Long Blades
  2649 | D:4      | Killed from afar by an orc wizard

Action                   |  1- 3 |  4- 6 || total
-------------------------+-------+-------++-------
Melee: Long sword        |   152 |   155 ||   307
  Use: Scroll            |     4 |     1 ||     5
 Stab: Sleeping          |     1 |     1 ||     2
